TOP OF THE 1ST |
Hillsboro Hops batting - Pitching for State College Spikes : RHP Bob Markle
|
Pitching: RHP Bob Markle
|
|
Batting: RHB Dale Young
|
0-0: Ball 1-0: Ball 2-0: Ball 3-0: Base on Balls
|
Batting: RHB Jonathan Underhill
|
0-0: Ball 1-0: Foul Ball, location: 2F 1-1: Called Strike 1-2: Ball 2-2: Strikes out swinging
|
Batting: RHB Nikita Schram
|
0-0: Called Strike 0-1: Ball 1-1: Foul Ball, location: 2F 1-2: Ball 2-2: Strikes out swinging
|
Batting: LHB Tomohiro Yokoyama
|
0-0: Ball 1-0: Ball 2-0: Ball 3-0: Called Strike 3-1: Base on Balls Dale Young to second
|
Batting: RHB Mike Swift
|
0-0: Ball 1-0: Called Strike 1-1: Called Strike 1-2: Fly out, F9 (Line Drive, 9D, EV 100.0 MPH)
|
Top of the 1st over - 0 runs, 0 hits, 0 errors, 2 left on base; Hillsboro 0 - State College 0 |
BOTTOM OF THE 1ST |
State College Spikes batting - Pitching for Hillsboro Hops : RHP Joe Mulholland
|
Pitching: RHP Joe Mulholland
|
|
Batting: LHB Mike East
|
0-0: Called Strike 0-1: Foul Ball, location: 2F 0-2: Ball 1-2: Ball 2-2: Ball 3-2: Foul Ball, location: 2F 3-2: Strikes out swinging
|
Batting: RHB Juan Carrillo
|
0-0: Foul Ball, location: 2F 0-1: Foul Ball, location: 2F 0-2: Foul Ball, location: 2F 0-2: Ball 1-2: Fly out, F7 (Flyball, 7S, EV 88.8 MPH)
|
Batting: RHB Nelson Salamanca
|
0-0: Ball 1-0: Foul Ball, location: 7LSF, Error on foul ball, E7 1-1: Ball 2-1: Ground out 6-3 (Groundball, 56, EV 100.0 MPH)
|
Bottom of the 1st over - 0 runs, 0 hits, 1 error, 0 left on base; Hillsboro 0 - State College 0 |
TOP OF THE 2ND |
Hillsboro Hops batting - Pitching for State College Spikes : RHP Bob Markle
|
Batting: LHB Ron Mills
|
0-0: Ball 1-0: Swinging Strike 1-1: Ball 2-1: Hit by Pitch
|
Batting: RHB Devon Fourcade
|
0-0: Called Strike 0-1: Ball 1-1: 2-RUN HOME RUN (Flyball, 9LD, EV 91.9 MPH), Distance : 335 ft
|
Batting: RHB Ryuki Ogasawara
|
0-0: Swinging Strike 0-1: Called Strike 0-2: Ball 1-2: Ground out U3 (Groundball, 3S, EV 68.8 MPH)
|
Batting: RHB Trevor Corey
|
0-0: Ground out 4-3 (Groundball, 34, EV 81.9 MPH)
|
Batting: RHB Dale Young
|
0-0: Ball 1-0: Ball 2-0: Swinging Strike 2-1: Fly out, F9 (Flyball, 9S, EV 90.6 MPH)
|
Top of the 2nd over - 2 runs, 1 hit, 0 errors, 0 left on base; Hillsboro 2 - State College 0 |
BOTTOM OF THE 2ND |
State College Spikes batting - Pitching for Hillsboro Hops : RHP Joe Mulholland
|
Batting: LHB Ignacio Ocampo
|
0-0: Ball 1-0: Ball 2-0: Ball 3-0: Base on Balls
|
Batting: RHB Shou-feng Chang
|
0-0: Called Strike 0-1: Ball 1-1: Called Strike 1-2: Foul Ball, location: 2F 1-2: Strikes out swinging
|
Batting: SHB Bobby Mercado
|
0-0: Called Strike Ignacio Ocampo is caught stealing 2nd base 2-6 0-1: Swinging Strike 0-2: Ball 1-2: Strikes out looking
|
Bottom of the 2nd over - 0 runs, 0 hits, 0 errors, 0 left on base; Hillsboro 2 - State College 0 |
TOP OF THE 3RD |
Hillsboro Hops batting - Pitching for State College Spikes : RHP Bob Markle
|
Batting: RHB Jonathan Underhill
|
0-0: Swinging Strike 0-1: Ground out 6-3 (Groundball, 6, EV 85.0 MPH)
|
Batting: RHB Nikita Schram
|
0-0: Called Strike 0-1: Swinging Strike 0-2: Ball 1-2: Strikes out looking
|
Batting: LHB Tomohiro Yokoyama
|
0-0: Ball 1-0: Ball 2-0: Foul Ball, location: 2F 2-1: Foul Ball, location: 2F 2-2: Ball 3-2: Foul Ball, location: 2F 3-2: Base on Balls
|
Batting: RHB Mike Swift
|
0-0: Called Strike 0-1: Ball 1-1: Ball 2-1: Ball 3-1: Base on Balls Tomohiro Yokoyama to second
|
Batting: LHB Ron Mills
|
0-0: Ball 1-0: Swinging Strike 1-1: Swinging Strike 1-2: Strikes out swinging
|
Top of the 3rd over - 0 runs, 0 hits, 0 errors, 2 left on base; Hillsboro 2 - State College 0 |
BOTTOM OF THE 3RD |
State College Spikes batting - Pitching for Hillsboro Hops : RHP Joe Mulholland
|
Batting: LHB Ken Morehead
|
0-0: Ball 1-0: Foul Ball, location: 2F 1-1: Foul Ball, location: 2F 1-2: Strikes out swinging
|
Batting: SHB Justin Towry
|
0-0: Foul Ball, location: 2F 0-1: Called Strike 0-2: Ball 1-2: Ball 2-2: Foul Ball, location: 2F 2-2: Ball 3-2: Base on Balls
|
Batting: RHB Edgar Klockow
|
0-0: Swinging Strike 0-1: Ball 1-1: Swinging Strike 1-2: Ball 2-2: Strikes out swinging
|
Batting: LHB Mike East
|
0-0: Ball 1-0: Foul Ball, location: 2F 1-1: Fly out, F8 (Line Drive, 8RD, EV 105.6 MPH)
|
Bottom of the 3rd over - 0 runs, 0 hits, 0 errors, 1 left on base; Hillsboro 2 - State College 0 |
TOP OF THE 4TH |
Hillsboro Hops batting - Pitching for State College Spikes : RHP Bob Markle
|
Batting: RHB Devon Fourcade
|
0-0: Ball 1-0: Ball 2-0: Ball 3-0: Ground out 5-3 (Groundball, 56, EV 83.8 MPH)
|
Batting: RHB Ryuki Ogasawara
|
0-0: Ball 1-0: Foul Ball, location: 2F 1-1: Called Strike 1-2: Ball 2-2: Foul Ball, location: 2F 2-2: Ball 3-2: SINGLE (Groundball, 56D, EV 106.9 MPH)
|
Batting: RHB Trevor Corey
|
0-0: Called Strike Ryuki Ogasawara steals 2nd base (no throw) 0-1: Ball 1-1: Ball 2-1: Swinging Strike 2-2: Hit by Pitch
|
Batting: RHB Dale Young
|
0-0: Ball 1-0: Foul Ball, location: 2F 1-1: Ground out 6-3 (Groundball, 56D, EV 104.4 MPH) Ryuki Ogasawara to third Trevor Corey to second
|
Pitching: RHP Ryan Hoagland
|
|
Batting: RHB Jonathan Underhill
|
0-0: Called Strike 0-1: Ground out 5-3 (Groundball, 56, EV 105.0 MPH)
|
Top of the 4th over - 0 runs, 1 hit, 0 errors, 2 left on base; Hillsboro 2 - State College 0 |
BOTTOM OF THE 4TH |
State College Spikes batting - Pitching for Hillsboro Hops : RHP Joe Mulholland
|
Batting: RHB Juan Carrillo
|
0-0: Foul Ball, location: 2F 0-1: Bunt - Flyout to 13! F1
|
Batting: RHB Nelson Salamanca
|
0-0: Swinging Strike 0-1: Ball 1-1: Ground out U3 (Groundball, 34, EV 83.1 MPH)
|
Batting: LHB Ignacio Ocampo
|
0-0: Swinging Strike 0-1: Foul Ball, location: 2F 0-2: Foul Ball, location: 2F 0-2: Foul Ball, location: 2F 0-2: Strikes out swinging
|
Bottom of the 4th over - 0 runs, 0 hits, 0 errors, 0 left on base; Hillsboro 2 - State College 0 |
TOP OF THE 5TH |
Hillsboro Hops batting - Pitching for State College Spikes : RHP Ryan Hoagland
|
Batting: RHB Nikita Schram
|
0-0: Fly out, F1 (Line Drive, P, EV 65.6 MPH)
|
Batting: LHB Tomohiro Yokoyama
|
0-0: Ball 1-0: Called Strike 1-1: Ball 2-1: Ground out 5-3 (Groundball, 6, EV 85.6 MPH)
|
Batting: RHB Mike Swift
|
0-0: Fly out, F4 (Popup, 4M, EV 70.0 MPH)
|
Top of the 5th over - 0 runs, 0 hits, 0 errors, 0 left on base; Hillsboro 2 - State College 0 |
BOTTOM OF THE 5TH |
State College Spikes batting - Pitching for Hillsboro Hops : RHP Joe Mulholland
|
Batting: RHB Shou-feng Chang
|
0-0: Called Strike 0-1: Called Strike 0-2: Strikes out looking
|
Batting: SHB Bobby Mercado
|
0-0: Called Strike 0-1: DOUBLE (Groundball, 3L, EV 101.2 MPH)
|
Batting: LHB Ken Morehead
|
0-0: Ball 1-0: Ball 2-0: Called Strike 2-1: Ball 3-1: Base on Balls
|
Batting: SHB Justin Towry
|
0-0: Fielders Choice at 2nd, 3-6 (Groundball, 3S, EV 77.5 MPH) Bobby Mercado to third
|
Batting: RHB Edgar Klockow
|
0-0: Swinging Strike 0-1: Swinging Strike 0-2: Ball 1-2: Strikes out swinging
|
Bottom of the 5th over - 0 runs, 1 hit, 0 errors, 2 left on base; Hillsboro 2 - State College 0 |
TOP OF THE 6TH |
Hillsboro Hops batting - Pitching for State College Spikes : RHP Ryan Hoagland
|
Batting: LHB Ron Mills
|
0-0: Ball 1-0: Called Strike 1-1: Ball 2-1: Called Strike 2-2: Strikes out swinging
|
Batting: RHB Devon Fourcade
|
0-0: Called Strike 0-1: Ball 1-1: Swinging Strike 1-2: Strikes out swinging
|
Batting: RHB Ryuki Ogasawara
|
0-0: Called Strike 0-1: Ball 1-1: Ball 2-1: Ball 3-1: Base on Balls
|
Batting: RHB Trevor Corey
|
0-0: Ball Ryuki Ogasawara is caught stealing 2nd base 2-4
|
Top of the 6th over - 0 runs, 0 hits, 0 errors, 0 left on base; Hillsboro 2 - State College 0 |
BOTTOM OF THE 6TH |
State College Spikes batting - Pitching for Hillsboro Hops : RHP Joe Mulholland
|
Batting: LHB Mike East
|
0-0: Called Strike 0-1: Ball 1-1: Ball 2-1: Ground out 4-3 (Groundball, 4S, EV 81.2 MPH)
|
Batting: RHB Juan Carrillo
|
0-0: Swinging Strike 0-1: Foul Ball, location: 2F 0-2: Ball 1-2: Strikes out swinging
|
Batting: RHB Nelson Salamanca
|
0-0: Swinging Strike 0-1: Foul Ball, location: 2F 0-2: Ball 1-2: Ball 2-2: Strikes out swinging
|
Bottom of the 6th over - 0 runs, 0 hits, 0 errors, 0 left on base; Hillsboro 2 - State College 0 |
TOP OF THE 7TH |
Hillsboro Hops batting - Pitching for State College Spikes : RHP Ryan Hoagland
|
Batting: RHB Trevor Corey
|
0-0: Ball 1-0: Foul Ball, location: 2F 1-1: Foul Ball, location: 2F 1-2: Ball 2-2: Ball 3-2: Strikes out swinging
|
Batting: RHB Dale Young
|
0-0: Called Strike 0-1: Ball 1-1: Swinging Strike 1-2: Ball 2-2: Strikes out swinging
|
Batting: RHB Jonathan Underhill
|
0-0: Ball 1-0: Called Strike 1-1: Swinging Strike 1-2: Strikes out swinging
|
Top of the 7th over - 0 runs, 0 hits, 0 errors, 0 left on base; Hillsboro 2 - State College 0 |
BOTTOM OF THE 7TH |
State College Spikes batting - Pitching for Hillsboro Hops : RHP Joe Mulholland
|
Batting: LHB Ignacio Ocampo
|
0-0: Ball 1-0: Ball 2-0: Ball 3-0: Base on Balls
|
Pitching: LHP Sam Davis
|
|
Batting: RHB Shou-feng Chang
|
0-0: Fly out, F8 (Flyball, 89M, EV 80.6 MPH)
|
Batting: SHB Bobby Mercado
|
0-0: Called Strike 0-1: Called Strike 0-2: Foul Ball, location: 2F 0-2: Ball 1-2: Ball 2-2: Ball 3-2: SINGLE (Line Drive, 6MD, EV 96.2 MPH) Ignacio Ocampo to second Ignacio Ocampo to third
|
Batting: LHB Ken Morehead
|
0-0: Ball 1-0: Ball 2-0: Foul Ball, location: 2F 2-1: Foul Ball, location: 2F 2-2: Foul Ball, location: 2F 2-2: Ball 3-2: Foul Ball, location: 2F 3-2: Foul Ball, location: 2F 3-2: Foul Ball, location: 2F 3-2: Base on Balls Bobby Mercado to second
|
Batting: SHB Justin Towry
|
0-0: Ball 1-0: Swinging Strike 1-1: Foul Ball, location: 2F 1-2: Strikes out swinging
|
Batting: RHB Edgar Klockow
|
0-0: Foul Ball, location: 2F 0-1: Foul Ball, location: 2F 0-2: Fielders Choice at 2nd, 5-4 (Groundball, 5L, EV 78.8 MPH)
|
Bottom of the 7th over - 0 runs, 1 hit, 0 errors, 3 left on base; Hillsboro 2 - State College 0 |
TOP OF THE 8TH |
Hillsboro Hops batting - Pitching for State College Spikes : RHP Ryan Hoagland
|
Batting: RHB Nikita Schram
|
0-0: Ball 1-0: Called Strike 1-1: Called Strike 1-2: Strikes out looking
|
Batting: LHB Tomohiro Yokoyama
|
0-0: Ball 1-0: Called Strike 1-1: Foul Ball, location: 2F 1-2: Ball 2-2: Ball 3-2: Strikes out swinging
|
Batting: RHB Mike Swift
|
0-0: Called Strike 0-1: Ground out 6-3 (Groundball, 6, EV 112.5 MPH)
|
Top of the 8th over - 0 runs, 0 hits, 0 errors, 0 left on base; Hillsboro 2 - State College 0 |
BOTTOM OF THE 8TH |
State College Spikes batting - Pitching for Hillsboro Hops : LHP Sam Davis
|
Batting: LHB Mike East
|
0-0: Ball 1-0: Ball 2-0: Foul Ball, location: 2F 2-1: Ball 3-1: Base on Balls
|
Batting: RHB Juan Carrillo
|
0-0: Grounds into double play, 6-4-3 (Groundball, 6, EV 87.5 MPH)
|
Batting: RHB Nelson Salamanca
|
0-0: Ball 1-0: Foul Ball, location: 2F 1-1: Foul Ball, location: 2F 1-2: Ball 2-2: Ball 3-2: Strikes out swinging
|
Bottom of the 8th over - 0 runs, 0 hits, 0 errors, 0 left on base; Hillsboro 2 - State College 0 |
TOP OF THE 9TH |
Hillsboro Hops batting - Pitching for State College Spikes : RHP Ryan Hoagland
|
Pitching: RHP Jace Daniels
|
|
Batting: LHB Ron Mills
|
0-0: Ball 1-0: Ball 2-0: Called Strike 2-1: Ball 3-1: Base on Balls
|
Batting: RHB Devon Fourcade
|
0-0: Called Strike Ron Mills is caught stealing 2nd base 2-4 0-1: Foul Ball, location: 2F 0-2: Strikes out swinging
|
Batting: RHB Ryuki Ogasawara
|
0-0: Swinging Strike 0-1: Called Strike 0-2: Ball 1-2: Ball 2-2: Strikes out swinging
|
Top of the 9th over - 0 runs, 0 hits, 0 errors, 0 left on base; Hillsboro 2 - State College 0 |
BOTTOM OF THE 9TH |
State College Spikes batting - Pitching for Hillsboro Hops : LHP Sam Davis
|
Pitching: RHP John Meyer
|
|
Now at 1B: Antonio Luisa
|
|
Batting: LHB Ignacio Ocampo
|
0-0: Called Strike 0-1: Swinging Strike 0-2: Ball 1-2: Ball 2-2: Foul Ball, location: 2F 2-2: Ball 3-2: Base on Balls
|
Pinch Hitting: SHB Justin Houser
|
0-0: Ball 1-0: Ball 2-0: Ball 3-0: Base on Balls Ignacio Ocampo to second
|
Batting: SHB Bobby Mercado
|
0-0: Sac Bunt to 3S - play at first, batter OUT! 3-1 Ignacio Ocampo to third Justin Houser to second
|
Batting: LHB Ken Morehead
|
0-0: Ball 1-0: Ball 2-0: Called Strike 2-1: Foul Ball, location: 2F 2-2: Ball 3-2: Strikes out swinging
|
Batting: SHB Justin Towry
|
0-0: Foul Ball, location: 2F 0-1: Ball 1-1: Ball 2-1: Foul Ball, location: 2F 2-2: Ground out 4-3 (Groundball, 4, EV 85.6 MPH)
|
Bottom of the 9th over - 0 runs, 0 hits, 0 errors, 2 left on base; Hillsboro 2 - State College 0 |
|